 Dungeon Crawl Stone Soup version 0.29.1-2-gbd0b4ee654 (webtiles) character file.

Game seed: 15847297222892536535

104 GorkyZ the Shield-Bearer (level 5, -2/42 HPs)
             Began as a Formicid Fighter on Nov 19, 2022.
             Slain by an iguana (12 damage)
             ... on level 2 of the Dungeon.
             The game lasted 00:06:37 (2146 turns).

GorkyZ the Shield-Bearer (Formicid Fighter)         Turns: 2146, Time: 00:06:37

Health: -2/42      AC:  7    Str: 23    XL:     5   Next: 7%
Magic:  5/5        EV: 10    Int:  7    God:
Gold:   69         SH:  5    Dex: 13    Spells: 4/4 levels left

rFire   . . .      SeeInvis +   a - +0 flail
rCold   + . .      Faith    .   c - +0 buckler
rNeg    . . .      Spirit   .   g - +2 ring mail {rC+}
rPois   .          Reflect  .   (helmet unavailable)
rElec   .          Harm     .   (no cloak)
rCorr   .          Rampage  .   (no gloves)
Will    .....                   (no boots)
Stlth   +.........              (no amulet)
HPRegen 0.14/turn               (no ring)
MPRegen 0.09/turn               (no ring)

@: no status effects
A: permanent stasis, dig shafts and tunnels, antennae 3, four strong arms
a: Dig, Shaft Self


You were on level 2 of the Dungeon.
You visited 1 branch of the dungeon, and saw 2 of its levels.

You collected 69 gold pieces.

Inventory:

Hand Weapons
 a - a +0 flail (weapon)
Armour
 b - a +0 scale mail
 c - a +0 buckler (worn)
 g - a +2 ring mail of cold resistance (worn)
Wands
 m - a wand of roots (7)
Scrolls
 f - a scroll of identify {unknown}
 h - 2 scrolls of teleportation {unknown}
 i - a scroll of blinking {unknown}
 j - a scroll of vulnerability {unknown}
 l - a scroll of brand weapon {unknown}
Potions
 d - 2 potions of might
 e - a potion of degeneration {unknown}
 k - a potion of berserk rage {unknown}


   Skills:
 * Level 4.2 Fighting
 + Level 2.6 Maces & Flails
 + Level 1.1 Throwing
 + Level 3.8 Armour
 + Level 4.6 Shields
 + Level 1.1 Evocations


You had 4 spell levels left.
You didn't know any spells.
Your spell library contained the following spells:

 Spells                   Type           Power      Damage    Failure   Level
 Summon Guardian Golem    Hex/Summ       0%         N/A       95%         3
 Passage of Golubria      Tloc           0%         N/A       100%        4
 Silence                  Hex/Air        0%         N/A       100%        5
 Orb of Destruction       Conj           0%         9d5       100%        7
 Spellforged Servitor     Conj/Summ      0%         N/A       100%        7
 Lehudib's Crystal Spear  Conj/Erth      0%         10d2      100%        8


Dungeon Overview and Level Annotations

Branches:
Dungeon (2/15)

Altars:


Innate Abilities, Weirdness & Mutations

You cannot be hasted, slowed, berserked, paralysed or teleported.
You can dig through walls and to a lower floor.
You have a pair of large antennae on your head. (SInv)
Your four strong arms can wield two-handed weapons with a shield.


Message History

The rat closely misses you.
You barely miss the hobgoblin.
The hobgoblin is almost dead.
The bat closely misses you. The hobgoblin closely misses you.
An iguana comes into view.
The rat misses you. The bat barely misses you.
The iguana hisses angrily.
You hit the hobgoblin.
You kill the hobgoblin!
You block the bat's attack. The rat misses you.
The rat bites you but does no damage.
You sock the bat!
You kill the bat!
The rat barely misses you.
You hit the rat.
You kill the rat!
You barely miss the iguana. The iguana bites you.
You block the iguana's attack.
You hit the iguana.
The iguana is lightly wounded.
The iguana barely misses you.
You completely miss the iguana.
The iguana is lightly wounded.
The iguana bites you.
You closely miss the iguana.
The iguana is lightly wounded.
The iguana bites you. x2
You hit the iguana.
The iguana is moderately wounded.
The iguana bites you!
You are too injured to fight recklessly!
You are too injured to fight recklessly!
You hit the iguana.
The iguana is heavily wounded.
The iguana bites you!
* * * LOW HITPOINT WARNING * * *
You barely miss the iguana.
The iguana is heavily wounded.
The iguana bites you!
You die...

###.........#
..........>.#
#...........#
#...!......#
#........>.#
#..........#
#....^l....#
###..!@...#
#........###
#..#.###....# #
##.###....# #.#
...........# ...
###.###....#
#... #.# #....#
.... #†######.#
#..####....###.#


You could see an iguana.

Vanquished Creatures
  Terence (D:2)
  3 adders (D:2)
  A dart slug (D:2)
  2 worms (D:2)
  6 endoplasms
  2 giant cockroaches (D:1)
  2 goblins (D:1)
  3 hobgoblins
  3 jackals (D:1)
  3 quokkas
  5 ball pythons (D:1)
  6 bats
  3 kobolds
  4 rats
44 creatures vanquished.

Vanquished Creatures (others)
  11 plants (D:1)
11 creatures vanquished.

Grand Total: 55 creatures vanquished

Notes
Turn   | Place    | Note
-------+----------+-------------------------------------------
     0 | D:1      | GorkyZ the Formicid Fighter began the quest for the Orb.
     0 | D:1      | Reached XP level 1. HP: 18/18 MP: 1/1
   114 | D:1      | Reached XP level 2. HP: 1/24 MP: 2/2
   750 | D:1      | Reached XP level 3. HP: 30/30 MP: 3/3
  1234 | D:2      | Noticed Terence
  1238 | D:2      | Killed Terence
  1239 | D:2      | Reached XP level 4. HP: 23/37 MP: 4/4
  1252 | D:2      | Reached skill level 1 in Evocations
  1718 | D:2      | Reached skill level 1 in Throwing
  2010 | D:2      | Reached XP level 5. HP: 34/42 MP: 5/5
  2146 | D:2      | Slain by an iguana

Illustrated notes

Levels and vault maps discovered:
D:1:      dpeg_arrival_tiny_d, layout_loops_ring, serial_bayou,
          serial_bayou_lake_a, serial_bayou_shore_b, serial_bayou_lagoon_a,
          serial_bayou_pond_a, supply_closet_lemuel
D:2:      layout_rooms, roderic_lattice_a, uniq_terence

Skill      XL: |  1  2  3  4 |
---------------+-------------+-----
Fighting       | 4 |  4.2
Evocations     | 1 |  1.1
Throwing       | 1 |  1.1
Maces & Flails | |  2.6
Armour         | |  3.8
Shields        | |  4.6

Action                   |  1- 3 |  4- 6 || total
-------------------------+-------+-------++-------
Melee: Flail             |    72 |    83 ||   155
 Abil: Dig               |     1 |       ||     1
Armor: Scale mail        |    22 |       ||    22
       Ring mail         |    19 |    33 ||    52
Dodge: Dodged            |    41 |    51 ||    92
Block: Buckler           |    13 |    20 ||    33
